[Event "Sunway Sitges Chess Festival"]
[Date "2024.12.21"]
[White "Aloma Vidal, Robert"]
[Black "Gavrilescu, David"]
[WhiteElo "2398"]
[BlackElo "2549"]
[Round "8.6"]
[Result "0-1"]
[TimeControl "40/5400+30:1800+30"]

1. Nf3 d5 2. g3 Nf6 3. Bg2 e6 4. d4 Bd6 5. c4 O-O 6. O-O Nc6 7. Nbd2 a5 8. b3 Ne4 9. Nxe4 dxe4 10. Ne1 f5 11. Nc2 Bd7 12. Bb2 Qe8 13. Na3 Nb4 14. Nb1 Rd8 15. a3 Na6 16. e3 c5 17. Nc3 cxd4 18. exd4 e5 19. b4 axb4 20. axb4 exd4 21. Qxd4 Be5 22. Qd5+ Kh8 23. Qa5 f4 24. gxf4 Bd4 25. Rad1 Bg4 26. Rxd4 Rxd4 27. Nd5 Rd3 28. Ne3 Bf3 29. Bxf3 exf3 30. Kh1 Rd7 31. f5 Qd8 32. Qa3 Nc7 33. f6 gxf6 34. b5 Rg8 35. b6 Ne8 36. Nd5 Rxd5 37. cxd5 Qxd5 38. Re1 Qf5 39. Qc3 h5 40. Qe3 Kh7 41. Bc1 Kh8 42. Qh6+ Qh7 43. Qxh7+ Kxh7 44. Re7+ Ng7 45. h4 Rd8 46. Bf4 Rd4 47. Bg3 Kg6 48. Rxb7 Nf5 49. Kh2 Nxg3 50. Kxg3 Rg4+ 51. Kh3 Rb4 52.
Rb8 Kf5 53. Kg3 Rg4+ 54. Kh3 Rb4 55. b7 Kf4 56. Kh2 f5 57. Kg1 Rb2 58. Kh1 Rb6 59. Kg1 Rb1+ 60. Kh2 Rb5 61. Kg1 Rb2 62. Kh1 Rb6 63. Kg1 Rg6+ 64. Kh1 Rg7 65. Ra8 Rxb7 66. Ra4+ Ke5 67. Kh2 Rg7 68. Kh3 Rg1 69. Ra3 Rh1+ 0-1

[Variant "Standard"]
[Site "Europe Echecs"]

[Event "Sunway Sitges Chess Festival"]
[Date "2024.12.21"]
[White "Liu, Xiangyi"]
[Black "Siddharth, Jagadeesh"]
[WhiteElo "2372"]
[BlackElo "2510"]
[Round "8.7"]
[Result "1/2-1/2"]
[TimeControl "40/5400+30:1800+30"]

1. e4 e5 2. Nf3 Nc6 3. Nc3 Nf6 4. h3 h6 5. d4 exd4 6. Nxd4 Bb4 7. Nxc6 bxc6 8. Bd3 O-O 9. O-O Re8 10. Re1 d6 11. Re3 Bxc3 12. bxc3 Nd7 13. Rb1 Qh4 14. Rg3 Ne5 15. Qe1 Kh8 16. f4 Nxd3 17. cxd3 d5 18. e5 Bf5 19. Rb7 Rec8 20. Qe3 c5 21. Kh2 c4 22. dxc4 dxc4 23. Qc5 Be6 24. Rxc7 Rxc7 25. Qxc7 Qh5 26. Be3 Qf5 27. a4 a5 28. Qb7 Rd8 29. Qe7 Rb8 30. Qc7 Rb1 1/2-1/2

[Variant "Standard"]
[Site "Europe Echecs"]

[Event "Sunway Sitges Chess Festival"]
[Date "2024.12.21"]
[White "Gholami Orimi, Mahdi"]
[Black "Anwesh, Upadhyaya"]
[WhiteElo "2402"]
[BlackElo "2379"]
[Round "8.8"]
[Result "1/2-1/2"]
[TimeControl "40/5400+30:1800+30"]

1. d4 d5 2. c4 c6 3. Nf3 Nf6 4. g3 Bf5 5. Nc3 h6 6. cxd5 Nxd5 7. Bg2 Nxc3 8. bxc3 Be4 9. O-O e6 10. Bf4 Be7 11. Ne5 Bxg2 12. Kxg2 O-O 13. Rb1 b6 14. e4 Qc8 15. Qg4 Kh7 16. Qh3 Nd7 17. Ng4 Rh8 18. Rfe1 Kg8 19. f3 h5 20. Nf2 Nf8 21. Be3 Ng6 22. f4 f5 23. Kg1 Qd7 24. c4 Rf8 25. Rbd1 h4 26. Qg2 hxg3 27. hxg3 Rh6 28. e5 Bb4 29. Re2 Rd8 30. Qf3 b5 31. d5 cxd5 32. cxd5 exd5 33. Rc2 Nf8 34. Nd3 Be7 35. Nc1 Rc6 36. Rcd2 Rc3 37. Ne2 Ra3 38. Qf2 Qb7 39. Nd4 g6 40. Rc2 Rc8 41. Rxc8 Qxc8 42. Nxb5 Rxe3 43. Qxe3 Bc5 44. Nd4 Ne6 45. Kg2 Bxd4 46. Rxd4 Nxd4 47. Qxd4 Qc2+ 48. Kh3 Qe4 49.
Qxe4 fxe4 50. g4 d4 51. Kg3 d3 1/2-1/2

[Variant "Standard"]
[Site "Europe Echecs"]

[Event "Sunway Sitges Chess Festival"]
[Date "2024.12.21"]
[White "Ivanchuk, Vasyl"]
[Black "Song, Edward"]
[WhiteElo "2630"]
[BlackElo "2363"]
[Round "8.9"]
[Result "1/2-1/2"]
[TimeControl "40/5400+30:1800+30"]

1. Nf3 d5 2. d4 Nf6 3. c4 e6 4. g3 dxc4 5. Bg2 Bb4+ 6. Bd2 a5 7. Qc2 Bxd2+ 8. Nbxd2 b5 9. a4 c6 10. b3 cxb3 11. Nxb3 O-O 12. O-O Ba6 13. Rfc1 bxa4 14. Rxa4 Bb5 15. Ra3 Nbd7 16. e3 a4 17. Nc5 Qe7 18. Ng5 Nxc5 19. Qxc5 Qxc5 20. Rxc5 Rac8 21. Ne4 Nxe4 22. Bxe4 Rfd8 23. f4 h6 24. Kf2 Kf8 25. Ke1 Ke7 26. Kd2 Rd7 27. Bf3 Rdd8 28. Be4 Rd7 29. Bf3 Rdd8 30. Be4 Rd7 1/2-1/2

[Variant "Standard"]
[Site "Europe Echecs"]

[Event "Sunway Sitges Chess Festival"]
[Date "2024.12.21"]
[White "Velten, Paul"]
[Black "Khusenkhojaev, Mustafokhuja"]
[WhiteElo "2501"]
[BlackElo "2339"]
[Round "8.10"]
[Result "1/2-1/2"]
[TimeControl "40/5400+30:1800+30"]

1. Nf3 Nf6 2. c4 c5 3. Nc3 Nc6 4. g3 d5 5. cxd5 Nxd5 6. Bg2 Nc7 7. a3 g6 8. d3 Bg7 9. Be3 Ne6 10. O-O O-O 11. Rc1 Bd7 12. h4 Rc8 13. h5 Ned4 14. h6 Bh8 15. Bxd4 Nxd4 16. Nxd4 cxd4 17. Ne4 Qb6 18. b4 Bc6 19. Qb3 Bxe4 20. Bxe4 Rc3 21. Rxc3 dxc3 22. e3 Rc8 23. Rc1 e6 24. d4 Qc7 25. f4 Bf6 26. Kf2 Be7 27. Ke2 Bf8 28. Kd3 Bxh6 29. Rxc3 Qd7 30. Rxc8+ Qxc8 31. Qa4 a6 32. Qc2 Qxc2+ 33. Kxc2 b6 34. Bd3 a5 35. Kb3 Bf8 36. Kc4 axb4 37. a4 Be7 38. Kb5 Bd8 39. Kc6 h5 40. e4 g5 41. fxg5 Kf8 42. d5 exd5 43. exd5 Bxg5 44. Kxb6 Bd8+ 45. Kc6 b3 46. d6 b2 47. Bf5 Ke8 48. Kc5 Ba5 49. Kc4 Be1 50. Kb3 b1=Q+ 51. Bxb1 Kd7 52. g4 hxg4 53. Bf5+ Kxd6 54. Bxg4 Kc7 55.
Bf5 Kb6 56. Bg4 Ka5 57. Bf5 Kb6 58. Bg4 Ka5 59. Bf5 Kb6 1/2-1/2

[Variant "Standard"]
[Site "Europe Echecs"]

[Event "Sunway Sitges Chess Festival"]
[Date "2024.12.21"]
[White "Shamatava, Nikolozi"]
[Black "Ilamparthi A R"]
[WhiteElo "2334"]
[BlackElo "2391"]
[Round "8.11"]
[Result "0-1"]
[TimeControl "40/5400+30:1800+30"]

1. e4 c5 2. Nf3 Nc6 3. d4 cxd4 4. Nxd4 e5 5. Nb5 a6 6. Nd6+ Bxd6 7. Qxd6 Qe7 8. Qd1 Nf6 9. Nc3 d6 10. Bg5 Be6 11. Nd5 Bxd5 12. exd5 Nb8 13. Be2 Nbd7 14. O-O O-O 15. a4 a5 16. Ra3 h6 17. Be3 Rac8 18. Rb3 Nc5 19. Rb5 Qc7 20. f4 exf4 21. Bxf4 Nfd7 22. c3 Rce8 23. Bg4 f5 24. Bh5 Re7 25. Qf3 Ne5 26. Qg3 g5 27. Bxe5 Rxe5 28. Qh3 Qe7 29. Qg3 Ne4 30. Qe1 g4 31. Qc1 Kg7 32. Qe3 Rd8 33. Qe1 Qg5 34. Rxb7+ Kh8 35. Bxg4 Nc5 36. Qf2 Nxb7 37. Bxf5 Rf8 38. g4 Rfxf5 0-1

[Variant "Standard"]
[Site "Europe Echecs"]

[Event "Sunway Sitges Chess Festival"]
[Date "2024.12.21"]
[White "Lopez Martinez, Josep Manuel"]
[Black "Alinasab, Mobina"]
[WhiteElo "2455"]
[BlackElo "2330"]
[Round "8.12"]
[Result "1-0"]
[TimeControl "40/5400+30:1800+30"]

1. Nf3 Nf6 2. c4 e6 3. Nc3 Bb4 4. Qc2 c5 5. g3 Nc6 6. Bg2 O-O 7. O-O d6 8. a3 Ba5 9. d3 h6 10. e3 e5 11. Nd2 Ne7 12. Rb1 Bxc3 13. Qxc3 a5 14. b4 cxb4 15. axb4 axb4 16. Rxb4 d5 17. Bb2 Nc6 18. Rb5 d4 19. exd4 exd4 20. Qc2 Re8 21. Nb3 Re7 22. h3 Ra6 23. Qd2 Ra2 24. Nc1 Ra6 25. Re1 Rxe1+ 26. Qxe1 Na7 27. Rb3 Re6 28. Qd2 Nc6 29. Ne2 Qa5 30. Qxa5 Nxa5 31. Ra3 Nxc4 32. dxc4 Rxe2 33. Bxd4 Re1+ 34.
Kh2 Be6 35. c5 Bd5 36. Bxf6 gxf6 37.
Bxd5 Re5 38. Rd3 Kg7 39. Kg2 Kf8 40. Kf1 Kg7 41. f4 Re7 42. Rb3 Rc7 43. Rb5 Rd7 44. Bxb7 1-0

[Variant "Standard"]
[Site "Europe Echecs"]

[Event "Sunway Sitges Chess Festival"]
[Date "2024.12.21"]
[White "Raczek, Krzysztof"]
[Black "Savitha Shri B"]
[WhiteElo "2443"]
[BlackElo "2329"]
[Round "8.13"]
[Result "1-0"]
[TimeControl "40/5400+30:1800+30"]

1. e4 c5 2. Nf3 Nc6 3. Bb5 e6 4. Bxc6 bxc6 5. d3 Ne7 6. Nbd2 Qc7 7. h4 h5 8. e5 Ng6 9. Qe2 f6 10. Nc4 Ba6 11. Qe4 f5 12. Qe2 O-O-O 13. Bd2 Bxc4 14. dxc4 Be7 15. O-O-O d5 16. exd6 Rxd6 17. Bg5 Rhd8 18. Rxd6 Rxd6 19. g3 Bf6 20. Bxf6 gxf6 21. Qe3 Qa5 22. a3 e5 23. Nd2 f4 24. Qe2 Qd8 25. Ne4 Rd4 26. c3 fxg3 27. fxg3 Rd3 28. Kc2 Rd7 29. Nxc5 Rd6 30. Ne4 Rd7 31. Rf1 Rf7 32. Qxh5 1-0

[Variant "Standard"]
[Site "Europe Echecs"]

[Event "Sunway Sitges Chess Festival"]
[Date "2024.12.21"]
[White "Safarov, Deniel"]
[Black "Arfan, Aditya Bagus"]
[WhiteElo "2319"]
[BlackElo "2416"]
[Round "8.14"]
[Result "0-1"]
[TimeControl "40/5400+30:1800+30"]

1. e4 c6 2. d4 d5 3. e5 Bf5 4. Nd2 e6 5. Nb3 a6 6. Nf3 c5 7. dxc5 Bxc5 8. Nxc5 Qa5+ 9. c3 Qxc5 10. Nd4 Ne7 11. Nxf5 Nxf5 12. Bd3 Nc6 13. O-O O-O 14. Bf4 d4 15. Rc1 dxc3 16. Rxc3 Qd4 17. Qc1 Rfd8 18. Re1 Nb4 19. Bb1 Nd5 20. Rc4 Qa7 21. Bg5 Re8 22. Rd1 b5 23. Rc5 h6 24. Bd2 Nfe7 25. Qc2 Kf8 26. b4 Rec8 27. Rc1 Rxc5 28. bxc5 Ng6 29. Qb2 Rc8 30. Bxg6 fxg6 31. Ba5 Rc6 32. Qa3 Kg8 33. h3 Qb8 34. Qb2 Qf8 35. Qc2 Qf5 36. Qe2 Qf4 37. Rc2 Qd4 38. Bb6 Kh7 39. Rd2 Qc4 40. Qf3 b4 41. Qd3 Qxd3 42. Rxd3 a5 43. Ba7 a4 44. Rd2 Rc7 45. Bb6 Rc6 46. Ba7 b3 47. axb3 Ra6 0-1

[Variant "Standard"]
[Site "Europe Echecs"]

[Event "Sunway Sitges Chess Festival"]
[Date "2024.12.21"]
[White "Atanasov, Anthony"]
[Black "Karimov, Alisher"]
[WhiteElo "2415"]
[BlackElo "2296"]
[Round "8.15"]
[Result "1-0"]
[TimeControl "40/5400+30:1800+30"]

1. d4 Nf6 2. Nf3 e6 3. Nbd2 c5 4. e3 Be7 5. Bd3 O-O 6. O-O
b6 7. Re1 d5 8. b3 Ba6
9. c4 Nc6 10. Bb2 Rc8 11. Rc1 dxc4 12. bxc4 Qd7 13. a3 Rfd8 14. Qc2 h6 15. d5
exd5 16. Bf5 Qc7 17. Bxc8 Qxc8 18. Bxf6 Bxf6
19. cxd5 Rxd5 20. Ne4 Be7 21. Red1 Rxd1+ 22. Rxd1 Qe6 23. Nc3 Bc4 24. Nd2 Bf6 25.
Nxc4 Qxc4 26. Qe4 Qxc3 27. Qxc6 Qb3 28. Qa8+ Kh7 29. Qe4+
Kg8 30. Rd7 Qxa3 31. g3 Qa2 32. Qe8+ Kh7
33. Rxf7 Qb1+ 34. Kg2 Qg6 35. Qe6 Bb2 36. Qd5 Qg5 37. Qa8
Bf6 38. Rf8 Qe5 39. Re8 Qd6 1-0

[Variant "Standard"]
[Site "Europe Echecs"]

[Event "Sunway Sitges Chess Festival"]
[Date "2024.12.21"]
[White "Dudognon, Thibault"]
[Black "Brzezina, Piotr"]
[WhiteElo "2411"]
[BlackElo "2274"]
[Round "8.16"]
[Result "1-0"]
[TimeControl "40/5400+30:1800+30"]

1. e4 e5 2. Nf3 Nc6 3. d4 exd4 4. Nxd4 Nf6 5. Nc3 Bb4 6. Nxc6 bxc6 7. Bd3 d5 8. exd5 cxd5 9. O-O O-O 10. h3 c6 11. Qf3 Re8 12. Bf4 Bd6 13. Rfe1 Bxf4 14. Qxf4 Be6 15. Ne2 c5 16. c3 Qb6 17. b4 Ne4 18. a3 a5 19. b5 Nf6 20. a4 Nd7 21. Rad1 Qb8 22. Qh4 g6 23. Nf4 Qd8 24. Qxd8 Raxd8 25. g4 Nb6 26. Bc2 Kg7 27. Nd3 c4 28. Nf4 Kf6 29. Rd4 h6 30. f3 Rd6 31. Kf2 Re7 32. Ng2 Rd8 33. f4 Rde8 34. Ne3 Bc8 35. Rd2 Bb7 36. Rde2 Re6 37. f5 Re5 38. g5+ Kg7 39. fxg6 Kg8 40. gxf7+ Kxf7 41. g6+ Kf8 42. Nf5 Rxe2+ 43. Rxe2 Rxe2+ 44. Kxe2 Bc8 45. g7+ Kf7 46. Nd6+ Kxg7 47. Nxc8 Nxc8 48. Ke3 Kf6 49.
Kd4 Ne7 50. Kc5 Ke6 51. b6 Kd7 52. h4 Kc8 53. Kd6 Ng8 54. Kxd5 Kb7 55. Kc5 Nf6 56. Kb5 Kb8 57. Kxa5 Nd5 58. Kb5 Nxc3+ 59. Kxc4 Ne2 60. Be4 Ng3 61. Bd3 Nh5 62. a5 Nf6 63. a6 1-0

[Variant "Standard"]
[Site "Europe Echecs"]

[Event "Sunway Sitges Chess Festival"]
[Date "2024.12.21"]
[White "Coles, Robin"]
[Black "Isanzhulov, Arystan"]
[WhiteElo "2291"]
[BlackElo "2395"]
[Round "8.17"]
[Result "0-1"]
[TimeControl "40/5400+30:1800+30"]

1. e4 c5 2. Nf3 Nc6 3. Bb5 e6 4. O-O Nge7 5. d4 cxd4 6. Nxd4 Qb6 7. Nxc6 bxc6 8. Bd3 Ng6 9. c4 Bd6 10. Nc3 O-O 11. Rb1 Rb8 12. Be3 Qc7 13. g3 Bb4 14. Qc2 Ba6 15. a3 Be7 16. f4 d6 17. b4 Rfc8 18. Rbc1 c5 19. b5 Bb7 20. Rfd1 Nf8 21. Bf1 Nd7 22. a4 Rd8 23. Bg2 Rbc8 24. Qe2 Bf6 25. Bf2 Qb6 26. Qa2 a5 27. bxa6 Qxa6 28. Nb5 Be7 29. Rb1 Nb8 30. Be1 Qa8 31. Qc2 Nc6 32. Bc3 Bf8 33. Rd2 Nb4 34. Bxb4 cxb4 35. Qd1 Bxe4 36. Bxe4 Qxe4 37. Rd4 Qa8 38. f5 d5 39. fxe6 fxe6 40. Qg4 Bc5 41. Qxe6+ Kh8 42. Qe3 0-1

[Variant "Standard"]
[Site "Europe Echecs"]

[Event "Sunway Sitges Chess Festival"]
[Date "2024.12.21"]
[White "Hess, Max"]
[Black "Wang, Lachlan"]
[WhiteElo "2385"]
[BlackElo "1848"]
[Round "8.18"]
[Result "1-0"]
[TimeControl "40/5400+30:1800+30"]

1. d4 Nf6 2. c4 g6 3. Nc3 Bg7 4. e4 d6 5. Be2 O-O 6. Nf3 e5 7. Be3 Nc6 8. d5 Ne7 9. Nd2 Ne8 10. Qc2 f5 11. f3 f4 12. Bf2 c6 13. g4 h6 14. h4 c5 15. a3 Bd7 16. b4 b6 17. Rb1 Qc7 18. g5 h5 19. O-O Bh8 20. Rb3 Ng7 21. bxc5 bxc5 22. Rfb1 Rab8 23. Qb2 Rxb3 24. Qxb3 Rc8 25. Qb7 Ne8 26. Qxc7 Rxc7 27. Bd1 Nc8 28. Rb8 Nb6 29. Nb5 Bxb5 30. cxb5 Kf7 31. a4 Nd7 32. Ra8 Nb6 33. Rxe8 Kxe8 34. a5 Nd7 35. Nc4 Ke7 36. Ba4 Bg7 37. Be1 Rc8 38. b6 axb6 39. axb6 Rb8 40. Ba5 Nxb6 41. Nxb6 Bf8 42. Kf2 Kf7 43. Nc4 Rb1 44. Bc2 Rh1 45. Kg2 Ra1 46. Bd3 Ra2+ 47. Kg1 Ke7 48. Bf1 Ra1 49. Kf2 Ra2+ 50. Be2 Ra1 51. Bc3 Ra2 52. Bb2 Ra4 53. Ke1 Rb4 54. Kd2 Kd7 55. Kc2 Be7 56. Bc3 Rb8 57. Bf1 Bd8 58. Bh3+ Ke7 59. Nxe5 dxe5 60. Bxe5 Ra8 61. Bf6+ Kd6 62. Bb2 Ba5 63. Be6 Be1 64. Bf6 Bxh4 65. e5+ Kc7 66. d6+ Kc6 67. d7 Kc7 68. Bh3 Rf8 69. e6 Kd6 1-0

[Variant "Standard"]
[Site "Europe Echecs"]

[Event "Sunway Sitges Chess Festival"]
[Date "2024.12.21"]
[White "Koh, Ming Yao Gavin"]
[Black "Tan, Jun Ying"]
[WhiteElo "1995"]
[BlackElo "2357"]
[Round "8.19"]
[Result "1/2-1/2"]
[TimeControl "40/5400+30:1800+30"]

1. d4 g6 2. c4 Bg7 3. e4 d6 4. Nc3 e5 5. d5 a5 6. h4 h5 7. Be2 Bh6 8. Nf3 Bxc1 9. Qxc1 Na6 10. Qd2 Bd7 11. Ng5 Qe7 12. O-O-O O-O-O 13. Kb1 Nc5 14. Rde1 f6 15. Nh3 b6 16. Bd1 Kb7 17. f3 Nh6 18. Nf2 Nf7 19. a3 Ra8 20. Bc2 Qe8 21. Ka2 Qc8 22. Rc1 f5 23. Rh2 f4 24. Rg1 Qd8 25. g3 fxg3 26. Rxg3 Qf6 27. Ne2 Rag8 28. f4 exf4 29. Qxf4 Qe7 30. Nd3 Nxd3 31. Bxd3 Ne5 32. Nc3 Rf8 33. Qc1 Ng4 34. Rh1 Qe5 35. Rhg1 Qf6 36. Rh1 Qf2 37. Qg1 Qf4 38. Be2 Ne5 39. Rg5 Bg4 40. Qh2 Qe3 41. Bxg4 hxg4 42. Qe2 Qg3 43. c5 dxc5 44. Qb5 Ka7 45. Na4 c4 46. Rc1 Rxh4 47. Rc3 Rf3 48. Rxf3 Nxf3 49. Rxg6 Nd2 50. Nc5 Qb3+ 51. Nxb3 cxb3+ 52. Qxb3 Nxb3 53. Kxb3 g3 54. e5 1/2-1/2

[Variant "Standard"]
[Site "Europe Echecs"]

[Event "Sunway Sitges Chess Festival"]
[Date "2024.12.21"]
[White "Travadon, Loic"]
[Black "Chan, Kim Yew"]
[WhiteElo "2428"]
[BlackElo "2274"]
[Round "8.20"]
[Result "1-0"]
[TimeControl "40/5400+30:1800+30"]

1. e4 c6 2. d4 d5 3. e5 Bf5 4. c4 e6 5. Nc3 dxc4 6. Bxc4 Nd7 7. Nge2 Ne7 8. O-O Nb6 9. Bb3 Ned5 10. Ng3 Bg6 11. Nce4 Be7 12. h4 h6 13. h5 Bh7 14. Qg4 Rg8 15. Bc2 Bxe4 16. Bxe4 Qd7 17. Bxh6 O-O-O 18. Bxg7 Bf8 19. h6 Bxg7 20. h7 Rh8 21. Qxg7 Nf4 22. Qh6 Nbd5 23. Rfe1 Rdf8 24. Bxd5 Nxd5 25.
Ne4 f6 26. exf6 Rf7 27. Ng5 Rxf6 28.
Qh4 Rf5 29. Re5 Nf6 30. Rae1 Qg7 31.
Nxe6 Rxe5 32. dxe5 1-0

[Variant "Standard"]
[Site "Europe Echecs"]

[Event "Sunway Sitges Chess Festival"]
[Date "2024.12.21"]
[White "Liu, Yi"]
[Black "Gormally, Daniel W"]
[WhiteElo "2261"]
[BlackElo "2424"]
[Round "8.21"]
[Result "0-1"]
[TimeControl "40/5400+30:1800+30"]

1. d4 Nf6 2. Nc3 d6 3. e4 g6 4. f3 Bg7 5. Be3 a6 6. Qd2 Nc6 7. h4 b5 8. a4 bxa4 9. Rxa4 h5 10. Nh3 Nd7 11. Ng5 Nb6 12. Ra3 e6 13. Na4 d5 14. e5 Bf8 15. Nc5 Be7 16. b3 Kf8 17. f4 Kg7 18. Be2 Bxc5 19. dxc5 d4 20. Bf3 Qe7 21. Bxd4 Nxd4 22. Qxd4 Rd8 23. Qf2 Nd5 24. O-O Rb8 25. g3 Nb4 26. Raa1 Rb5 27. Ne4 Bb7 28. Nd6 cxd6 29. cxd6 Qd7 30. c4 Bxf3 31. cxb5 Ba8 32. Qb6 Nd5 33. Qxa6 Bb7 34. Qa5 Ra8 35. Qd2 Qxb5 36. Rxa8 Bxa8 37. Qf2 Qc6 38. Qf3 Qc2 39. Rf2 Qc5 40. Qe4 Bc6 41. Qc4 Qb6 42. b4 Nxb4 43. f5 gxf5 44. Qf4 Nd5 45. Qg5+ Kf8 46. Qxh5 Ke8 47. Qg5 Kd7 48. Qh5 Qe3 49. Qxf7+ Kc8 50. Qxe6+ Kb7 51. Qf7+ Kb6 52. Qg7 Nc3 53. d7 Qe1+ 54. Rf1 Qd2 55. Rf2 Qd1+ 56. Rf1 Qd4+ 57. Rf2 Ne2+ 58. Kf1 Qd1# 0-1

[Variant "Standard"]
[Site "Europe Echecs"]

[Event "Sunway Sitges Chess Festival"]
[Date "2024.12.21"]
[White "Yang, Qindong"]
[Black "Xu, Minghui"]
[WhiteElo "2258"]
[BlackElo "2405"]
[Round "8.22"]
[Result "1/2-1/2"]
[TimeControl "40/5400+30:1800+30"]

1. d4 e6 2. c4 Nf6 3. Nf3 d5 4. g3 Bb4+ 5. Bd2 Be7 6. Bg2 O-O 7. O-O c6 8. Qc2 Nbd7 9. Rd1 b6 10. Bf4 Nh5 11. Bc1 Nhf6 12. Bf4 Nh5 13. Bc1 Nhf6 14. Bf4 Nh5 1/2-1/2

[Variant "Standard"]
[Site "Europe Echecs"]

[Event "Sunway Sitges Chess Festival"]
[Date "2024.12.21"]
[White "Diaz Rosas, Julio Cesar"]
[Black "Chia, Yu Zhe Ashton"]
[WhiteElo "2401"]
[BlackElo "2252"]
[Round "8.23"]
[Result "1/2-1/2"]
[TimeControl "40/5400+30:1800+30"]

1. d4 Nf6 2. c4 e6 3. Bf4 Bb4+ 4. Nd2 c5 5. dxc5 Bxc5 6. e3 b6 7. Ngf3 Bb7 8. a3 Be7 9. Bd3 d6 10. e4 Nbd7 11. b4 O-O 12. O-O Ne5 13. Bc2 Ng6 14. Be3 Ng4 15. Bd4 Bf6 16. h3 N4e5 17. Nxe5 Bxe5 18. Nf3 Qf6 19. Nxe5 dxe5 20. Be3 Rfd8 21. Qg4 Nf4 22. Rfd1 Qg6 23. Qf3 Rdc8 24. c5 bxc5 25. Bxc5 f5 26. Re1 fxe4 27. Bxe4 Bxe4 28. Qxe4 Nd3 29. Qxg6 hxg6 30. Re3 Nxc5 31. bxc5 Rxc5 32. Rd1 Rf8 33. Rd6 Rf6 34. Ra6 Rc1+ 35. Kh2 Rxf2 36. Rxe6 Kf7 37. R6xe5 Rcc2 38. Rg3 Rf5 39. Re4 a5 40. Rd4 g5 41. Rd6 Rcc5 42. Rgd3 Kg8 43. Ra6 Rcd5 44. Rb3 Rb5 45. Rg3 Kh7 46. Ra7 Rfe5 47. Rg4 Rf5 48. Ra4 Rbc5 49. Kg3 Rc3+ 50. Kh2 Rcc5 51. Ra6 Rb5 52. Re4 Rbe5 53. Rxe5 Rxe5 54. a4 Rc5 55. g4 g6 56. Kg2 Kh6 57. Kf2 Re5 58. Kf3 Rc5 59. Ke2 Rc2+ 60. Kd1 Rc3 61. Rxa5 Rxh3 62. Rc5 Rd3+ 63. Kc2 Rd4 64. Kb3 Rxg4 65. a5 Rg1 66. Rc2 Ra1 67. Rh2+ Kg7 68. Kb4 Kf6 69. Rf2+ Ke5 70. Rg2 Kf4 71. Rf2+ Ke5 1/2-1/2

[Variant "Standard"]
[Site "Europe Echecs"]

[Event "Sunway Sitges Chess Festival"]
[Date "2024.12.21"]
[White "Schippke, Manon"]
[Black "Sofronie, Iulian"]
[WhiteElo "2213"]
[BlackElo "2368"]
[Round "8.24"]
[Result "0-1"]
[TimeControl "40/5400+30:1800+30"]

1. d4 Nf6 2. Bg5 Ne4 3. h4 d5 4. Nd2 Nxd2 5. Qxd2 Bf5 6. e3 c6 7. f3 h5 8. O-O-O Nd7 9. Bd3 Bxd3 10. Qxd3 Qa5 11. Kb1 e6 12. e4 Nb6 13. Qb3 Qb5 14. Qxb5 cxb5 15. Ne2 Bd6 16. e5 Be7 17. Be3 Nc4 18. Bf2 Rc8 19. g4 Kd7 20. c3 b4 21. Nf4 hxg4 22. fxg4 bxc3 23. bxc3 Na3+ 24. Kb2 Rc6 25. Nd3 Rb6+ 26. Kc1 Bg5+ 27. hxg5 Rb1+ 28. Kd2 Rxh1 29. Nc5+ Kc6 30. Rxh1 Rxh1 31. g6 fxg6 32. Nxe6 Nb1+ 33. Kd3 Rh3+ 34.
Kc2 Rh2 35. Kxb1 Rxf2 36. Nxg7 Kd7 0-1

[Variant "Standard"]
[Site "Europe Echecs"]

[Event "Sunway Sitges Chess Festival"]
[Date "2024.12.21"]
[White "kiladze, Luka"]
[Black "Shukhman, Anna"]
[WhiteElo "2359"]
[BlackElo "2245"]
[Round "8.25"]
[Result "1-0"]
[TimeControl "40/5400+30:1800+30"]

1. e4 c5 2. Nf3 d6 3. d4 cxd4 4. Qxd4 Nc6 5. Bb5 Bd7 6. Qd3 g6 7. c4 Bg7 8. Nc3 Nf6 9. O-O O-O 10. h3 Nb4 11. Qe2 a6 12. Bxd7 Nxd7 13. Rd1 Rc8 14. Bg5 h6 15. Be3 Qa5 16. Bd4 Nc6 17. Bxg7 Kxg7 18. Nd5 e6 19. Ne3 Qc5 20. b3 Nde5 21. Rd2 b5 22. cxb5 axb5 23. Rad1 Rfd8 24. Nxe5 dxe5 25. Rxd8 Nxd8 26. a4 bxa4 27. bxa4 Nc6 28. Qb5 Qc3 29. Nc4 Kf6 30. Nb6 Rc7 31. Kh2 Nd4 32. Qd3 Ke7 33. Qxc3 Rxc3 34. f4 f6 35. fxe5 fxe5 36. a5 Nb5 37. Rd7+ Kf6 38. Rb7 Nd6 39. a6 Ra3 40. Nd7+ Kg5 41. Rb6 Nxe4 42. Nxe5 h5 43. Nc6 Nd6 44. Nd4 Nc4 45. Rxe6 Nd2 46. Nb5 Ra1 47. a7 Nf1+ 48. Kg1 Ng3+ 49. Kf2 h4 50. Re1 Ra2+ 51. Kf3 Ra5 52. Re8 Rxb5 53. a8=Q Rb3+ 54. Re3 1-0

[Variant "Standard"]
[Site "Europe Echecs"]

[Event "Sunway Sitges Chess Festival"]
[Date "2024.12.21"]
[White "Nalbandyan, Vahan"]
[Black "Arkell, Keith C"]
[WhiteElo "2197"]
[BlackElo "2355"]
[Round "8.26"]
[Result "0-1"]
[TimeControl "40/5400+30:1800+30"]

1. e4 Nf6 2. Nc3 d5 3. e5 d4 4. Nce2 Ng4 5. f4 h5 6. Nf3 c5 7. Ng3 g6 8. Bc4 e6
9. Qe2 Be7 10. Ne4 Nh6 11. b4 cxb4 12. a3 Nc6 13. Bb2 Nf5 14. O-O Kf8 15. Qf2 b6
16. Rfd1 Bb7 17. Nfg5 Nxe5 18. fxe5 Bxg5 19. Bd3 bxa3 20. Bxa3+ Kg7 21. Rf1 h4
22. Rab1 Be7 23. Nd6 Bxd6 24. exd6 Qg5 25. Bxf5 gxf5 26. Qxd4+ f6 27. Rf2 h3 28.
Rb3 Rh4 29. Qc3 Rc8 30. d7 Rxc3 31. d8=Q Rxb3 32. cxb3 Bxg2 33. Bd6 Rh8 34. Qc7+
Kg6 35. Bg3 Qg4 36. Qc1 e5 37. d4 Qxd4 38. Qb1 Be4 39. Qc1 Rd8 40. Kf1 Bg2+ 41.
Ke1 Qb4+ 42. Ke2 Qe4+ 0-1

[Variant "Standard"]
[Site "Europe Echecs"]

[Event "Sunway Sitges Chess Festival"]
[Date "2024.12.21"]
[White "Alexiadis, Hristos"]
[Black "Li, Harry"]
[WhiteElo "2341"]
[BlackElo "2194"]
[Round "8.27"]
[Result "1-0"]
[TimeControl "40/5400+30:1800+30"]

1. d4 d5 2. Nf3 Nf6 3. e3 c5 4. c4 e6 5. a3 dxc4 6. Bxc4 a6 7. Bd3 Be7 8. dxc5 Bxc5 9. O-O O-O 10. e4 Be7 11. Nc3 Nc6 12. e5 Nd7 13. Bf4 g5 14. Bg3 g4 15. Nd4 Ncxe5 16. Bc2 Bf6 17. Qe2 Bg7 18. Rad1 Qe7 19. f4 gxf3 20. Nxf3 Qc5+ 21. Kh1 Qc4 22. Qd2 Qg4 23. Nxe5 Nxe5 24. Rf4 Qg5 25. Ne4 Qh6 26. Qd6 Ng6 27. Nf6+ Kh8 28. Ng4 Qg5 29. Bxg6 hxg6 30. Nf6 Bh6 31. Rh4 Kg7 32. Be5 Qxh4 33. Qxf8+ Kxf8 34. Rd8+ Ke7 35. Re8# 1-0

[Variant "Standard"]
[Site "Europe Echecs"]

[Event "Sunway Sitges Chess Festival"]
[Date "2024.12.21"]
[White "Aarav A"]
[Black "Naoum, Spyridon"]
[WhiteElo "2186"]
[BlackElo "2338"]
[Round "8.28"]
[Result "0-1"]
[TimeControl "40/5400+30:1800+30"]

1. Nf3 d5 2. g3 Nd7 3. d4 Nb6 4. Bg2 Bf5 5. Nc3 e6 6. O-O Nf6 7. h3 Bb4 8. Nh4 c6 9. Nxf5 exf5 10. Qd3 Qd7 11. Nb1 O-O 12. Nd2 Rfe8 13. a3 Bxd2 14. Bxd2 Nc4 15. Bc1 h6 16. b3 Nd6 17. a4 Qe6 18. e3 h5 19. h4 g6 20. Ba3 Nde4 21. c4 Rad8 22. Rac1 a6 23. Rc2 Qc8 24. b4 Qb8 25. cxd5 Nxd5 26. Bxe4 Rxe4 27. b5 axb5 28. axb5 cxb5 29. Kg2 b6 30. Qxb5 Nxe3+ 31. fxe3 Rxe3 32. Rf3 Qa8 33. Rf2 Rxa3 34. Qxb6 Rc8 35. Qd6 Rxf3 36. Rxf3 Rc2+ 37. Kh3 Qxf3 0-1

[Variant "Standard"]
[Site "Europe Echecs"]

[Event "Sunway Sitges Chess Festival"]
[Date "2024.12.21"]
[White "Patrascu, Catalin-Lucian"]
[Black "Coles, Ruben"]
[WhiteElo "2299"]
[BlackElo "2155"]
[Round "8.29"]
[Result "0-1"]
[TimeControl "40/5400+30:1800+30"]

1. d4 d5 2. c4 e6 3. Nc3 a6 4. cxd5 exd5 5. Qc2 h6 6. Bf4 Nf6 7. e3 Bd6 8. Bxd6 Qxd6 9. Bd3 O-O 10. Nf3 Be6 11. O-O Nbd7 12. Rac1 c6 13. h3 Rfe8 14. Ne2 Nh5 15. Qc3 Nhf6 16. Ng3 Rac8 17. b4 b5 18. Ne5 Nb6 19. f4 Nc4 20. Bb1 Qc7 21. Qd3 Qd6 22. Qc3 Qc7 23. e4 dxe4 24. Nxe4 Nxe4 25. Bxe4 Bd5 26. Bb1 f6 27. Qd3 Kf8 28. Qh7 fxe5 29. fxe5+ Ke7 30. e6 Bxe6 31. Rce1 Qg3 32. Bg6 Kd6 33. Qxg7 Re7 34. Qf6 Rg8 35. d5 Rxg6 36. Rxe6+ Rxe6 37. Qd8+ Ke5 38. Rf2 cxd5 39. Qc7+ Kd4 40. Qc5+ Kc3 0-1

[Variant "Standard"]
[Site "Europe Echecs"]